 Dungeon Crawl Stone Soup version 0.26-a0-720-g2a1d101370 (webtiles) character file.

Game seed: 8235935084782432711

1789 2tc the Covert (level 8, 0/36 HPs)
             Began as a Vampire Enchanter on Nov 3, 2020.
             Slain by a bullfrog skeleton (1 damage)
             ... on level 6 of the Dungeon.
             The game lasted 00:29:05 (6003 turns).

2tc the Covert (Vampire Enchanter)                  Turns: 6003, Time: 00:29:05

Health: 0/36       AC:  4    Str:  7    XL:     8   Next: 82%
Magic:  8/11       EV: 13    Int: 17    God:
Gold:   337        SH:  5    Dex: 17    Spells: 5/11 levels left

rFire    . . .     SeeInvis +   h - +0 dagger (venom)
rCold    + + .     Faith    .   (no shield)
rNeg     + + +     Spirit   .   b - +0 robe
rPois    ∞         Reflect  +   o - +0 helmet
rElec    .         Harm     .   (no cloak)
rCorr    .         Rampage  .   f - +0 pair of gloves
MR       .....                  (no boots)
Stlth    +++++++...             i - amulet of reflection
HPRegen  0.00/turn              l - +4 ring of slaying
MPRegen  0.12/turn              (no ring)

@: bloodless
A: fangs 3, see invisible, [frail 1], unbreathing
a: Bat Form, Revivify


You were on level 6 of the Dungeon.
You visited 1 branch of the dungeon, and saw 6 of its levels.
You also visited: Ossuary.

You collected 337 gold pieces.

Inventory:

Hand Weapons
 a - a +1 dagger
 h - a +0 dagger of venom (weapon)
 j - a +0 dagger of freezing
Armour
 b - a +0 robe (worn)
 f - a +0 pair of gloves (worn)
 o - a +0 helmet (worn)
 p - a +0 buckler
Jewellery
 i - an amulet of reflection (around neck)
 l - a +4 ring of slaying (left hand)
Wands
 k - a wand of iceblast (7)
Scrolls
 m - a scroll of remove curse
 q - 2 scrolls of teleportation
 x - a scroll of magic mapping
Potions
 c - a potion of heal wounds
 d - a potion of haste
 e - a potion of lignification
 g - a potion of berserk rage
 n - 2 potions of brilliance
 r - a potion of degeneration {unknown}
 s - 2 potions of cancellation
 t - 2 potions of flight {unknown}
 u - a potion of might {unknown}
 v - a potion of curing
 w - a potion of invisibility {unknown}
 z - a potion of resistance {unknown}


   Skills:
 * Level 8.6 Short Blades
 - Level 2.1 Dodging
 - Level 10.0 Stealth
 + Level 3.9 Shields
 - Level 2.0 Spellcasting
 - Level 7.0 Hexes


You had 5 spell levels left.
You knew the following spells:

 Your Spells              Type           Power        Failure   Level
a - Corona                Hex            ####...      1%          1
b - Ensorcelled Hibernat  Hex/Ice        ##....       7%          2
c - Confusing Touch       Hex            ####....     3%          3

Your spell library contained the following spells:

 Spells                   Type           Power        Failure   Level
 Tukima's Dance           Hex            ####....     3%          3
 Dazzling Flash           Conj/Hex       ##....       14%         3


Dungeon Overview and Level Annotations

Branches:
Dungeon (6/15)            Ossuary (visited)
 Temple: D:4-7

Altars:
Makhleb


Innate Abilities, Weirdness & Mutations

You do not regenerate when monsters are visible.
You are frail without blood (-20% HP).
You can heal yourself when you bite living creatures.
You are immune to poison.
You have razor-sharp teeth.
You have supernaturally acute eyesight. (SInv)
You can survive without breathing.
[You are frail. (-10% HP)]


Message History

You hit the bullfrog skeleton.
The bullfrog skeleton is lightly damaged.
The jackal bites you.
You block the bullfrog skeleton's attack.
The centaur skeleton closely misses you.
You hit the bullfrog skeleton but do no damage.
Your bite misses the bullfrog skeleton.
The bullfrog skeleton is lightly damaged.
The jackal closely misses you.
You block the bullfrog skeleton's attack.
The centaur skeleton misses you.
You hit the hornet zombie.
The hornet zombie is lightly damaged.
The hornet zombie hits you!
* * * LOW HITPOINT WARNING * * *
You catch the helpless hornet zombie completely off-guard!
You impale the hornet zombie!! You bite the hornet zombie.
The hornet zombie is almost destroyed.
The bullfrog skeleton hits you.
You die...

###............
...............
................
............?....
...?.........$....
.......................
...............hZ......
...............@.h.....
..............ZZ......
##..$.................
##.....................
#..#...................
.......................
.......................
######...(....###..>...
....?.......## ######


You could see a hornet zombie (confused), 2 jackals, a bullfrog skeleton and a
centaur skeleton.

Vanquished Creatures
  A wraith (Ossuary)
  An orc warrior (D:5)
  4 ice beasts (D:5)
  2 phantoms
  An ogre (D:4)
  2 centaurs (D:5)
  A scorpion (D:4)
  2 howler monkeys
  A hound (D:5)
  2 jellies (D:5)
  3 orc priests
  2 orc wizards (D:5)
  Ijyb (D:3)
  3 worker ants
  A killer bee zombie (D:5)
  3 mummies (Ossuary)
  5 gnolls
  6 adders
  A shadow imp (D:5)
  A white imp (D:5)
  An ooze (D:5)
  2 worms (D:3)
  3 dart slugs
  3 leopard geckos
  13 orcs
  2 giant cockroaches
  9 hobgoblins
  15 jackals
  A quokka (D:3)
  10 bats
  11 frilled lizards
  6 goblins
  2 goblin zombies (Ossuary)
  A jackal zombie (D:5)
  12 kobolds
  4 kobold zombies (Ossuary)
  10 rats
148 creatures vanquished.

Vanquished Creatures (others)
  22 fungi (D:1)
  A plant (D:1)
23 creatures vanquished.

Grand Total: 171 creatures vanquished

Notes
Turn   | Place    | Note
-------+----------+-------------------------------------------
     0 | D:1      | 2tc the Vampire Enchanter began the quest for the Orb.
     0 | D:1      | Reached XP level 1. HP: 13/13 MP: 3/3
   312 | D:1      | Reached skill level 5 in Hexes
   312 | D:1      | Reached XP level 2. HP: 3/19 MP: 5/5
   370 | D:1      | Reached skill level 5 in Stealth
   555 | D:1      | Learned a level 2 spell: Ensorcelled Hibernation
   765 | D:1      | Reached XP level 3. HP: 20/24 MP: 6/6
  1106 | D:1      | Learned a level 3 spell: Confusing Touch
  1467 | D:2      | Reached XP level 4. HP: 19/30 MP: 1/7
  2075 | D:3      | Noticed Ijyb
  2078 | D:3      | Killed Ijyb
  2078 | D:3      | Reached skill level 6 in Stealth
  2142 | D:2      | Reached XP level 5. HP: 10/28 MP: 8/8
  2374 | D:3      | Found a burning altar of Makhleb.
  2655 | D:3      | Reached skill level 7 in Stealth
  3092 | D:4      | You fall into a shaft and drop 2 floors!
  3109 | D:5      | Entered Level 5 of the Dungeon
  3109 | D:5      | Noticed a centaur
  3110 | D:5      | Killed a centaur
  3110 | D:5      | Reached skill level 8 in Stealth
  3110 | D:5      | Reached XP level 6. HP: 32/32 MP: 9/9
  3286 | D:4      | Reached skill level 9 in Stealth
  3300 | D:4      | Found a sand-covered staircase.
  3304 | Ossuary  | Entered an ossuary
  3304 | Ossuary  | Noticed a wraith
  3304 | Ossuary  | Noticed a wraith
  3304 | Ossuary  | Noticed a wraith
  3631 | Ossuary  | Noticed a wraith
  3633 | Ossuary  | Killed a wraith
  3633 | Ossuary  | Reached XP level 7. HP: 36/36 MP: 10/10
  3721 | Ossuary  | Reached skill level 10 in Stealth
  4069 | D:4      | Reached skill level 5 in Short Blades
  4085 | D:4      | Reached skill level 1 in Shields
  4586 | D:5      | Reached XP level 8. HP: 41/41 MP: 11/11
  6002 | D:6      | HP: 1/36 [hornet zombie (11)]
  6003 | D:6      | Slain by a bullfrog skeleton

Illustrated notes

Levels and vault maps discovered:
D:1:      scummos_arrival_checkerplants, layout_loops_ring, minmay_liquid_box,
          serial_bayou_pond_d, minmay_circled_x
D:2:      layout_basic
D:3:      layout_loops_ring, overflow_temple_1_default, minmay_between,
          uniq_ijyb
D:4:      layout_basic, enter_ossuary_5, minmay_misc_feat_roman,
          minmay_misc_feat_encased
D:5:      layout_loops_ring, chequers_serial_rivers_micro_b,
          kennysheep_cross_bottleneck, minmay_fractal_squares_5
D:6:      layout_rooms, minivault_10

Skill      XL: |  1  2  3  4  5  6  7  8 |
---------------+-------------------------+-----
Hexes          | 5 6 7 |  7.0
Stealth        | 5 6 8 9 10 | 10.0
Short Blades   | 2 3 6 8 |  8.6
Shields        | 2 3 |  3.9
Dodging        | |  2.1
Spellcasting   | |  2.0

Action                   |  1- 3 |  4- 6 |  7- 9 || total
-------------------------+-------+-------+-------++-------
Melee: Dagger            |   184 |   121 |    98 ||   403
       Bite              |    10 |     7 |    11 ||    28
 Cast: Corona            |     5 |       |       ||     5
       Ensorcelled Hiber |    13 |     9 |    13 ||    35
       Confusing Touch   |       |     1 |     7 ||     8
 Abil: Exsanguinate      |       |     1 |     1 ||     2
       Revivify          |       |       |     1 ||     1
  Use: Potion            |     1 |       |     1 ||     2
       Scroll            |     1 |     8 |     6 ||    15
 Stab: Sleeping          |    11 |    32 |    25 ||    68
       Distracted        |       |     1 |       ||     1
       Confused          |       |       |     4 ||     4
Armor: Robe              |    42 |    18 |     6 ||    66
Dodge: Dodged            |   158 |    77 |    41 ||   276
Block: Other             |       |    21 |    17 ||    38
       Reflection        |       |     2 |       ||     2

Table legend: (Time is in decaauts)
 A = Elapsed time spent in this place.
 B = Non-inter-level travel time spent in this place.
 C = Inter-level travel time spent in this place.
 D = Time resting spent in this place.
 E = Time spent auto-exploring this place.
 F = Levels seen in this place.
 G = Mean time per level.
                   A        B        C        D        E       F      G
               +--------+--------+--------+--------+--------+-----+--------+
         Total |   5942 |   5688 |    254 |   1635 |   2483 |   7 |  848.9 |
       Dungeon |   5364 |   5110 |    254 |   1473 |   2197 |   6 |  894.0 |
       Ossuary |    578 |    578 |      0 |    162 |    286 |   1 |  578.0 |
               +--------+--------+--------+--------+--------+-----+--------+

Top non-repeatable levels by time:
     D:5: 1717 daAuts
     D:1: 1317 daAuts
     D:2: 962 daAuts
     D:3: 758 daAuts
 Ossuary: 578 daAuts
     D:4: 539 daAuts
     D:6: 70 daAuts
